cohdb
Replays
Latest Replays
All Replays
Popular Replays
Top Player Replays
Match Explorer
How It Works
Community
CoH3 Stats
Reddit
Sign in to upload your games and track your stats! →
Sign in with Steam
Match 41557307
Unlisted
Match 41557307
Overview
Messages
Build Orders
End
Construct Section Command Post
Vickers Machine Gun Team
Selects Heavy Armor Battlegroup
Dingo Light Scout Car
Infantry Section
ML 3-inch Mortar Team
Infantry Section
Selects Rigorous Vehicle Training
Construct Platoon Command Post
Selects Forward Repair Assembly
Humber Armored Car
Particycles
LOLwhat2
Tesla
Orangepest
Turin
[QSA] Aerocrastic
0
0
Comments
sign in to comment!
No comments posted yet!